 Dungeon Crawl Stone Soup version 0.26-a0-606-g3c8f2f65f7 (webtiles) character file.

Game seed: 3084073491637887676

333 ANON1729 the Shield-Bearer (level 6, -7/50 HPs)
             Began as a Formicid Fighter on Sept 1, 2020.
             Killed themself with a badly aimed fireball (13 damage)
             ... on level 4 of the Dungeon.
             The game lasted 00:02:22 (2597 turns).

ANON1729 the Shield-Bearer (Formicid Fighter)       Turns: 2597, Time: 00:02:23

Health: -7/50      AC:  7    Str: 23    XL:     6   Next: 82%
Magic:  6/6        EV:  8    Int:  7    God:
Gold:   162        SH: 10    Dex: 10    Spells: 5/5 levels left

rFire    . . .     SeeInvis +   a - +0 war axe
rCold    . . .     Faith    .   c - +0 kite shield
rNeg     . . .     Spirit   .   b - +0 scale mail
rPois    .         Reflect  .   (helmet unavailable)
rElec    .         Harm     .   (no cloak)
rCorr    .                      (no gloves)
MR       .....                  (no boots)
Stlth    ..........             (no amulet)
HPRegen  0.16/turn              (no ring)
MPRegen  0.10/turn              (no ring)

@: no status effects
A: permanent stasis, dig shafts and tunnels, four strong arms, antennae 3
a: Dig, Shaft Self


You were on level 4 of the Dungeon.
You visited 1 branch of the dungeon, and saw 4 of its levels.

You collected 162 gold pieces.

Inventory:

Hand Weapons
 a - a +0 war axe (weapon)
Armour
 b - a +0 scale mail (worn)
 c - a +0 kite shield (worn)
Wands
 p - a wand of random effects (15)
Scrolls
 e - 4 scrolls of identify {unknown}
 f - 2 scrolls of immolation {unknown}
 i - 5 scrolls of remove curse {unknown}
 j - 2 scrolls of teleportation {unknown}
 n - 2 scrolls of fog {unknown}
 o - a scroll of blinking {unknown}
 r - a scroll of amnesia {unknown}
Potions
 d - 2 potions of might
 g - a potion of degeneration {unknown}
 h - 4 potions of curing {unknown}
 k - a potion of mutation {unknown}
 l - 3 potions of heal wounds {unknown}
 m - a potion of lignification {unknown}
 q - a potion of berserk rage {unknown}
 s - a potion of stabbing {unknown}


   Skills:
 + Level 4.8 Fighting
 + Level 3.7 Axes
 + Level 4.8 Armour
 + Level 5.2 Shields


You had 5 spell levels left.
You didn't know any spells.
Your spell library was empty.

Dungeon Overview and Level Annotations

Branches:
Dungeon (4/15)
 Temple: D:4-7

Altars:
Ru
Yredelemnul
Zin

Annotations:
D:4 Blork the orc


Innate Abilities, Weirdness & Mutations

You cannot be hasted, slowed, berserked, paralysed or teleported.
You can dig through walls and to a lower floor.
Your four strong arms can wield two-handed weapons with a shield.
You have a pair of large antennae on your head. (SInv)


Message History

The magic dart hits you.
* * * LOW HITPOINT WARNING * * *
You barely miss Blork the orc.
Blork the orc is severely wounded.
Blork the orc casts a spell at you. The puff of frost misses you.
Evoke which item? (* to show all) (? for menu, Esc to quit)
Aiming: Random Effects
Press: ? - help, Shift-Dir - straight line, f/p - Blork the orc
Aim: Blork the orc, wielding a +0 flail and wearing a +0 robe (severely wounded) Blork the orc twists and deforms.
Blork the orc hits you but does no damage.
Evoke which item? (* to show all) (? for menu, Esc to quit)
Aiming: Random Effects
Press: ? - help, Shift-Dir - straight line, f/p - Blork the orc
Aim: Blork the orc, wielding a +0 flail and wearing a +0 robe (severely wounded, misshapen and mutated)
The fireball explodes!
The fireball engulfs Blork the orc!
Blork the orc is almost dead.
The fireball engulfs you!
You die...

.....+.....#...#........
.....#.....#...'........
.....#.... #...#........
.....# #...#........
.....# #...#.....###
#...#.....# ##'##.....#
#..##'####..
+...@o......
#...........
#...........
#+########.. { #


You could see Blork the orc (misshapen).

Vanquished Creatures
  Sigmund (D:2)
  A bullfrog skeleton (D:4)
  Robin (D:3)
  5 adders
  2 worms
  A dart slug (D:1)
  3 leopard geckos
  An orc (D:3)
  6 bats
  4 giant cockroaches
  2 gnoll zombies (D:2)
  12 goblins
  7 hobgoblins
  5 jackals (D:2)
  8 kobolds
  A quokka (D:4)
  2 ball pythons
  2 frilled lizards
  9 rats
73 creatures vanquished.

Notes
Turn   | Place    | Note
-------+----------+-------------------------------------------
     0 | D:1      | ANON1729 the Formicid Fighter began the quest for the Orb.
     0 | D:1      | Reached XP level 1. HP: 18/18 MP: 1/1
   131 | D:1      | Reached XP level 2. HP: 21/24 MP: 2/2
   614 | D:1      | Reached skill level 4 in Shields
   614 | D:1      | Reached XP level 3. HP: 27/29 MP: 3/3
   873 | D:2      | You fall into a shaft and drop 1 floor!
   981 | D:3      | Noticed Robin
   988 | D:3      | Reached XP level 4. HP: 37/37 MP: 4/4
   998 | D:3      | Killed Robin
  1389 | D:2      | Found a basalt altar of Yredelemnul.
  1501 | D:2      | Reached XP level 5. HP: 42/42 MP: 5/5
  1717 | D:2      | Noticed Sigmund
  1720 | D:2      | Found a sacrificial altar of Ru.
  1731 | D:2      | Killed Sigmund
  1731 | D:2      | Reached skill level 5 in Shields
  1731 | D:2      | Reached XP level 6. HP: 43/49 MP: 6/6
  2298 | D:3      | Found a glowing silver altar of Zin.
  2583 | D:4      | Noticed Blork the orc
  2597 | D:4      | Killed themself with a badly aimed fireball

Illustrated notes

Levels and vault maps discovered:
D:1:      lemuel_arrival_muddy, layout_loops_corners
D:2:      layout_basic, lemuel_doored_altar, lemuel_zombie_altar_yredelemnul,
          st_stairs_6, uniq_sigmund
D:3:      layout_basic, zin_treasury, serial_glass, glass_columns_a,
          glass_columns_b, glass_columns_b, glass_columns_a, glass_columns_a,
          glass_columns_a, serial_bayou_pond_a, uniq_robin
D:4:      layout_gridville, lemuel_round_altar, fedhas_altar_1, serial_shops,
          shop, bh_walls_and_bars, uniq_blork_the_orc

Skill      XL: |  1  2  3  4  5 |
---------------+----------------+-----
Shields        | 4 5 |  5.2
Fighting       | 4 |  4.8
Armour         | 4 |  4.8
Axes           | 3 |  3.7

Action                   |  1- 3 |  4- 6 || total
-------------------------+-------+-------++-------
Melee: War axe           |    71 |   177 ||   248
Evoke: Wand              |       |     3 ||     3
Armor: Scale mail        |    30 |    65 ||    95
Dodge: Dodged            |    20 |    58 ||    78
Block: Kite shield       |    39 |    86 ||   125

Table legend: (Time is in decaauts)
 A = Elapsed time spent in this place.
 B = Non-inter-level travel time spent in this place.
 C = Inter-level travel time spent in this place.
 D = Time resting spent in this place.
 E = Time spent auto-exploring this place.
 F = Levels seen in this place.
 G = Mean time per level.
                   A        B        C        D        E       F      G
               +--------+--------+--------+--------+--------+-----+--------+
         Total |   2705 |   2634 |     71 |    250 |   1805 |   4 |  676.2 |
       Dungeon |   2705 |   2634 |     71 |    250 |   1805 |   4 |  676.2 |
               +--------+--------+--------+--------+--------+-----+--------+

Top non-repeatable levels by time:
     D:2: 1031 daAuts
     D:1: 821 daAuts
     D:3: 747 daAuts
     D:4: 104 daAuts
